 Dungeon Crawl Stone Soup version 0.13-a0-3140-gbdcfb35 (webtiles) character file.

112 Kae the Firebug (level 3, -1/19 HPs)
             Began as a Tengu Fire Elementalist on Sept 22, 2013.
             Killed from afar by Sigmund (12 damage)
             ... with a puff of flame
             ... on Level 2 of the Dungeon.
             The game lasted 00:02:03 (1646 turns).

Kae the Firebug (Tengu Fire Elementalist)           Turns: 1646, Time: 00:02:04

HP  -1/19        AC  2     Str  8      XL: 3   Next: 91%
MP   2/7         EV 12     Int 16      God:
Gold 58          SH  0     Dex 14      Spells:  1 memorised,  4 levels left

Res.Fire  : . . .   See Invis. : .   l - -3,+0 dagger (curse)
Res.Cold  : . . .   Warding    : .   a - +0 robe
Life Prot.: . . .   Conserve   : .   (no shield)
Res.Poison: .       Res.Corr.  : .   (helmet restricted)
Res.Elec. : .       Clarity    : .   (no cloak)
Sust.Abil.: . .     Spirit.Shd : .   (no gloves)
Res.Mut.  : .       Stasis     : .   (boots unavailable)
Res.Rott. : .       Flight     : .   (no amulet)
Saprovore : . . .                    (no ring)
                                     (no ring)

@: not resistant to hostile enchantments, fairly stealthy
A: beak, talons 3
a: no special abilities


You were on level 2 of the Dungeon.
You were very hungry.

You visited 1 branch of the dungeon, and saw 2 of its levels.

You collected 38 gold pieces.

Inventory:

Hand weapons
 l - a cursed -3,+0 dagger (weapon)
Missiles
 f - 10 darts of flame (quivered)
 m - 22 darts
Armour
 a - a +0 robe (worn)
Comestibles
 c - 2 bread rations
 h - 2 chokos
Scrolls
 d - a scroll of curse weapon {unknown}
 g - a scroll of teleportation {unknown}
 k - a scroll of enchant weapon I {unknown}
 n - 3 scrolls of identify {unknown}
 o - 2 scrolls of remove curse {unknown}
 p - a scroll of enchant armour {unknown}
 q - a scroll of random uselessness {unknown}
Potions
 e - a potion of heal wounds {unknown}
 i - a potion of might {unknown}
 j - a potion of magic {unknown}
Books
 b - a book of Flames

   Spells                             Type                      Level
   *Flame Tongue                      Conjuration/Fire             1
   Throw Flame                        Conjuration/Fire             2
   Conjure Flame                      Conjuration/Fire             3
   Inner Flame                        Hexes/Fire                   3
   Sticky Flame                       Conjuration/Fire             4
   Fireball                           Conjuration/Fire             5


   Skills:
 - Level 2.1 Dodging
 - Level 2.0 Stealth
 + Level 1.8 Spellcasting
 * Level 3.6 Conjurations
 + Level 3.6 Fire Magic


You had 4 spell levels left.
You knew the following spells:

 Your Spells              Type           Power        Failure   Level  Hunger
a - Flame Tongue          Conj/Fire      ##...        6%          1    ##.....


Dungeon Overview and Level Annotations

Branches:
Dungeon (2/27)

Altars:

Annotations:
D:2 Sigmund


Innate Abilities, Weirdness & Mutations

You have a beak for a mouth.
You have claws for feet.


Message History

Casting: Flame Tongue
Confirm with . or Enter, or press ? or * to list all spells.
Aiming: Flame Tongue
Press: ? - help, Shift-Dir - straight line, f/p - Sigmund
Aim: Sigmund, wielding a scythe and wearing a robe (moderately wounded)
The flame hits Sigmund.
Sigmund is moderately wounded.
The giant newt bites you. Sigmund hits you with a scythe.
Casting: Flame Tongue
Confirm with . or Enter, or press ? or * to list all spells.
Aiming: Flame Tongue
Press: ? - help, Shift-Dir - straight line, f/p - Sigmund
Aim: Sigmund, wielding a scythe and wearing a robe (moderately wounded)
The flame hits Sigmund.
Sigmund is heavily wounded.
The giant newt barely misses you. Sigmund casts a spell at you.
The puff of flame hits you!
Ouch! That really hurt!
You die...

.#.#.(...............#.....##....
.#.##.#####...##.#####..#####....
.#.##.# ##...##..............###
.#.##.# ##......#######.#######
.#.##.# #.......# #.# ####
......# #.....#.# #.######..(
##.#### #.....#%# #..........
##.# #.... #.### ########... ##.#
#.... #.@.# #### ...#
...#..l.@....... ####
.....#....##### # ..........# #
.###.#..... # ..#....## #. #.##..
. #.# ### .


You could see Sigmund and a giant newt.

Vanquished Creatures
  3 adders (D:2)
  A worm (D:2)
  5 hobgoblins
  3 kobolds (D:1)
  2 bats
  A giant newt (D:1)
  4 goblins
  6 rats
25 creatures vanquished.

Notes
Turn   | Place    | Note
--------------------------------------------------------------
     0 | D:1      | Kae, the Tengu Fire Elementalist, began the quest for the Orb.
     0 | D:1      | Reached XP level 1. HP: 10/10 MP: 3/3
   464 | D:1      | Reached XP level 2. HP: 15/15 MP: 0/5
  1267 | D:2      | Reached XP level 3. HP: 15/19 MP: 2/7
  1641 | D:2      | Noticed Sigmund
  1646 | D:2      | Killed from afar by Sigmund

Action                   || total
-------------------------++-------
Melee: Unarmed           ||     3
       Dagger            ||    10
 Cast: Flame Tongue      ||    49
